AoeStats
← 2-ray

Arena

506703214Analyzed
4v4 RM · 17d ago on Sep 14, 2026· 47m 11s· 8 players
Game mode
Random Map
Map size
Large (8 player)
Population
200
Speed
Normal
Resources
Standard
Victory
Conquest
Starting age
Dark Age
Ending age
Imperial Age
RankedLock teamsTeams togetherTeam positionsShared explorationLock speedFull tech treeHidden civsTurbo modeCheats
Victory
Defeat
🇨🇦 Burmese · Canada
1493
+15
🇦🇷 Dravidians · Argentina
1492
+15
🇰🇷 Mongols · South Korea
1492
+15
🇩🇪 Bulgarians · Germany
1456
+18
🇩🇪 Lithuanians · Germany
1491
-16
🇩🇪 Persians · Germany
1486
-16
🇮🇹 Maya · Italy
1484
-16
🇩🇪 Teutons · Germany
1453
-15
M*rpheu$
10:30 Feudal Age
14:46 Castle Age
13:26 Double-Bit Axe
14:30 Horse Collar
16:23 Bow Saw
16:32 Heavy Plow
18:17 Gold Mining
21:14 Bloodlines
21:30 Husbandry
25:06 Scale Barding Armor
26:49 Wheelbarrow
27:00 Forging
30:34 Chain Barding Armor
30:49 Iron Casting
33:55 Imperial Age
32:14 Town Watch
32:44 Hand Cart
32:15 Loom
33:31 Cavalier
35:17 Plate Barding Armor
35:58 Town Patrol
37:11 Blast Furnace
36:06 Heavy Camel Rider
38:35 Crop Rotation
38:49 Conscription
39:40 Savar
43:54 Two-Man Saw
42:49 Light Cavalry
hermelin*?
5:52 Loom
9:16 Feudal Age
10:51 Fletching
24:13 Castle Age
23:42 Double-Bit Axe
23:39 Horse Collar
25:59 Bodkin Arrow
30:23 Wheelbarrow
30:35 Town Watch
31:25 Wheelbarrow
34:41 Gold Mining
34:51 Stone Mining
36:09 Bow Saw
39:02 Imperial Age
37:39 Scale Mail Armor
37:49 Forging
38:00 Squires
37:27 Pikeman
39:24 Halberdier
40:45 Chain Mail Armor
41:05 Iron Casting
41:49 Conscription
42:52 Chemistry
43:10 Iron Casting
45:42 Fortified Wall
46:35 Plate Mail Armor
Nogard
0:27 Loom
9:34 Feudal Age
10:48 Double-Bit Axe
11:28 Fletching
14:42 Wheelbarrow
20:58 Horse Collar
24:46 Castle Age
23:57 Gold Mining
23:57 Stone Mining
26:35 Bow Saw
26:30 Heavy Plow
31:34 Hand Cart
31:58 Bodkin Arrow
32:10 Town Watch
33:14 Padded Archer Armor
33:45 Ballistics
34:25 Leather Archer Armor
34:36 Thumb Ring
39:00 Imperial Age
37:46 Stone Shaft Mining
37:40 Crossbowman
37:53 Elite Skirmisher
39:09 Masonry
39:47 Bracer
40:48 Chemistry
39:26 Capped Ram
40:42 Ring Archer Armor
41:36 Arbalester
46:30 Forging
46:20 Scale Mail Armor
2-ray
Mycorrhizal
6:52 Loom
8:59 Feudal Age
13:06 Castle Age
15:24 Horse Collar
19:43 Heavy Plow
24:32 Gold Mining
28:24 Scale Barding Armor
29:59 Wheelbarrow
34:53 Imperial Age
33:01 Hand Cart
33:21 Stone Mining
34:01 Chain Barding Armor
34:07 Forging
34:45 Scale Mail Armor
34:06 Pikeman
35:01 Gambesons
35:18 Squires
35:03 Arson
35:30 Squires
35:58 Chain Mail Armor
35:56 Halberdier
37:11 Plate Mail Armor
37:59 Conscription
38:28 Iron Casting
39:36 Blast Furnace
39:12 Fletching
42:33 Bodkin Arrow
42:07 Man-at-Arms
43:05 Bracer
45:07 Heavy Scorpion
46:41 Long Swordsman
Amigo
9:57 Feudal Age
11:10 Loom
14:05 Fletching
18:32 Castle Age
16:39 Double-Bit Axe
17:57 Horse Collar
19:38 Bow Saw
27:57 Wheelbarrow
30:09 Heavy Plow
31:03 Forging
30:59 Scale Barding Armor
31:45 Bloodlines
31:36 Husbandry
31:53 Gold Mining
32:10 Town Watch
32:29 Bodkin Arrow
35:49 Imperial Age
33:47 Hand Cart
34:36 Gold Shaft Mining
33:41 Light Cavalry
34:46 Town Patrol
35:45 Chain Barding Armor
36:47 Iron Casting
36:58 Scale Mail Armor
36:42 Pikeman
37:23 Squires
38:26 Blast Furnace
38:17 Plate Barding Armor
37:50 Arson
37:27 Elite Konnik
39:01 Chain Mail Armor
38:08 Halberdier
40:30 Plate Mail Armor
41:33 Stone Mining
42:00 Capped Ram
42:41 Stirrups
42:48 Bagains
43:10 Conscription
43:31 Stone Shaft Mining
43:41 Siege Ram
수상
Alexis
10:16 Feudal Age
14:28 Castle Age
12:54 Loom
13:36 Fletching
22:37 Double-Bit Axe
27:18 Bow Saw
29:29 Horse Collar
31:16 Wheelbarrow
31:08 Gold Mining
32:33 Hand Cart
35:34 Imperial Age
33:17 Bodkin Arrow
33:49 Medical Corps
33:40 Bodkin Arrow
34:06 Thumb Ring
34:26 Ballistics
34:47 Husbandry
34:43 Town Watch
34:59 Padded Archer Armor
35:12 Masonry
35:09 Stone Mining
36:27 Bracer
37:29 Chemistry
36:40 Elite Elephant Archer
37:36 Leather Archer Armor
38:29 Ring Archer Armor
39:01 Conscription
41:28 Hoardings
41:35 Scale Mail Armor
40:57 Man-at-Arms
41:38 Squires
41:25 Arson
42:43 Coinage
43:05 Siege Elephant
46:01 Two-Man Saw
45:02 Heavy Plow
46:10 Banking
46:23 Scale Barding Armor
46:28 Forging
Connection lost

Rejoining the realm…

Still unreachable

The connection could not be restored.

Session expired

The server has moved on; the page needs a fresh start.